 Dungeon Crawl Stone Soup version 0.30-a0-986-g7f2e898f52 (webtiles) character file.

Game seed: 6302264545846180236

9034 Mesmaeker13 the Skirmisher (level 11, -12/80 HPs)
             Began as a Barachi Hexslinger on Apr 1, 2023.
             Was an Initiate of Ashenzari.
             Killed from afar by a rakshasa (16 damage)
             ... with a lance of force
             ... on level 1 of the Abyss.
             The game lasted 00:28:47 (11356 turns).

Mesmaeker13 the Skirmisher (Barachi Hexslinger)    Turns: 11356, Time: 00:28:48

Health: -12/80     AC:  9    Str: 12    XL:     11   Next: 40%
Magic:  21/21      EV: 15    Int: 16    God:    Ashenzari [......]
Gold:   519        SH:  5    Dex: 16    Spells: 16/24 levels left

rFire   . . .      SeeInvis .    C - +6 arbalest of Spontaneous Combustion {penet, rPois rCorr Dex-4 Stlth-}
rCold   + . .      Faith    .    (shield currently unavailable)
rNeg    . . .      Spirit   .    u - +0 troll leather armour
rPois   +          Reflect  +    f - +0 helmet
rElec   .          Rampage  .    G - +0 cloak
rCorr   +                        d - +0 pair of gloves
Will    .....                    (no boots) Stlth
                                 o - amulet of reflection
HPRegen 1.13/turn                p - ring of protection from cold
MPRegen 0.17/turn                y - +6 ring of dexterity

@: slow
A: amphibious, slowness 1, strong legs 1, +LOS
a: Hop, Renounce Religion, Curse Item


You were on level 1 of the Abyss.
You worshipped Ashenzari.
Ashenzari was noncommittal.
You visited 2 branches of the dungeon, and saw 12 of its levels.
You visited the Abyss 1 time.

You collected 519 gold pieces.

Inventory:

Hand Weapons
 a - a +2 sling of flaming
 i - a +2 short sword of electrocution
 C - the +6 arbalest of Spontaneous Combustion (weapon) {penet, rPois rCorr Dex-4 Stlth-}
   (You acquired it on level 8 of the Dungeon)

   Dex:       It affects your dexterity (-4).
   rPois:     It protects you from poison.
   rCorr:     It protects you from acid and corrosion.
   Stlth:     It makes you less stealthy.
 Q - a +2 shortbow of freezing
Missiles
 M - a throwing net
 T - a curare-tipped dart
Armour
 d - a +0 pair of gloves (worn)
 f - a +0 helmet (worn)
 u - a +0 troll leather armour (worn)
 B - a +0 buckler
 G - a +0 cloak (worn)
 L - a +1 ring mail of cold resistance
 P - a +2 leather armour of positive energy
Jewellery
 h - a +6 ring of intelligence
 o - an amulet of reflection (around neck)
 p - a ring of protection from cold (left hand)
 y - a +6 ring of dexterity (right hand)
Wands
 q - a wand of flame (60)
 r - a wand of charming (3)
 S - a wand of roots (4)
Scrolls
 b - 2 scrolls of poison
 g - 3 scrolls of brand weapon
 j - 2 scrolls of vulnerability {unknown}
 k - 2 scrolls of immolation
 l - 2 scrolls of enchant armour
 n - a scroll of torment
 s - 3 scrolls of enchant weapon
 t - 6 scrolls of teleportation
 x - 2 scrolls of amnesia {unknown}
 A - 2 scrolls of noise {unknown}
 H - a scroll of fog
 I - a scroll of magic mapping
 K - a scroll of silence {unknown}
 O - a scroll of blinking {unknown}
 R - a scroll of fear {unknown}
Potions
 c - 2 potions of might {unknown}
 e - a potion of lignification {unknown}
 m - 3 potions of heal wounds
 v - 2 potions of cancellation {unknown}
 w - a potion of mutation {unknown}
 z - 4 potions of curing
 D - a potion of flight {unknown}
 E - a potion of berserk rage {unknown}
 F - a potion of invisibility
 J - 2 potions of attraction {unknown}
 N - a potion of haste {unknown}


   Skills:
 + Level 5.3 Fighting
 + Level 10.1 Ranged Weapons
 - Level 9.2 Armour
 + Level 6.6 Dodging
 - Level 7.0 Spellcasting
 - Level 7.4 Hexes
 + Level 3.6 Fire Magic


You had 16 spell levels left.
You knew the following spells:

 Your Spells              Type           Power      Damage    Failure   Level
a - Slow                  Hex            100%       N/A       1%          1
b - Cause Fear            Hex            14%        N/A       7%          4
c - Inner Flame           Hex/Fire       23%        N/A       4%          3

Your spell library contained the following spells:

 Spells                   Type           Power      Damage    Failure   Level
 Confusing Touch          Hex            29%        N/A       2%          3
 Ensorcelled Hibernation  Hex/Ice        34%        N/A       4%          2
 Portal Projectile        Hex/Tloc       34%        N/A       10%         3
 Kiss of Death            Conj/Necr      20%        2d7       16%         1
 Blink                    Tloc           10%        N/A       22%         2
 Lesser Beckoning         Tloc           10%        N/A       22%         2
 Momentum Strike          Conj/Tloc      10%        3d8       22%         2
 Anguish                  Hex/Necr       8%         N/A       32%         4
 Spider Form              Tmut/Pois      5%         N/A       41%         3
 Flame Wave               Conj/Fire      11%        2d6       58%         4
 Sticky Flame             Conj/Fire      11%        2d3       58%         4
 Yara's Violent Unravell  Hex/Tmut       8%         3d5       67%         5
 Dispel Undead            Necr           5%         3d7       83%         4
 Manifold Assault         Tloc           5%         N/A       83%         4
 Simulacrum               Ice/Necr       2%         N/A       100%        6
 Storm Form               Tmut/Air       2%         N/A       100%        7


Dungeon Overview and Level Annotations

Branches:
Dungeon (11/15)            Temple (1/1) D:5            Lair (0/5) D:11
    Orc (0/2) D:9

Altars:
Ashenzari
Cheibriados
Dithmenos
Elyvilon
Fedhas
Gozag
Hepliaklqana
Kikubaaqudgha
Makhleb
Nemelex Xobeh
Okawaru
Qazlal
Ru
Sif Muna
Trog
Uskayaw
Vehumet
Wu Jian
Xom
Yredelemnul
Zin
The Shining One
Jiyva

Shops:
D:1 (

Annotations:
D:8 3 runed translucent doors, hackum's ghost, novice FoFi
D:11 Sonja


Innate Abilities, Weirdness & Mutations

You are amphibious.
You cover ground slowly.
You can hop short distances.
You have an extended range of vision and can be seen from far away.


Message History

The rakshasa gestures at you.
The lance of force reflects off an invisible shield around you!
The lance of force hits the rakshasa!!
You kill the rakshasa!
The rakshasa shimmers and vanishes!
You shoot a bolt. The bolt pierces through the rakshasa!!
You kill the rakshasa!
The rakshasa shimmers and vanishes!
The rakshasa hits you with a +0 whip! The rakshasa gestures at you.
The lance of force hits you!!
You are knocked back by the lance of force.
You slam into the crystal wall!
* * * LOW HITPOINT WARNING * * *
You are too injured to fight recklessly!
Fire: C) +6 arbalest of Spontaneous Combustion {penet, rPois rCorr Dex-4 Stlth-}
Press: ? - help, Q - select action, (/) - cycle Shift-Dir - straight line, f - rakshasa
Aim: a rakshasa, wielding a +0 whip and wearing a +0 robe (heavily wounded, 58% to hit)
You shoot a bolt. The bolt pierces through the rakshasa!
The rakshasa is severely wounded.
The rakshasa misses you.
Fire: C) +6 arbalest of Spontaneous Combustion {penet, rPois rCorr Dex-4 Stlth-}
Press: ? - help, Q - select action, (/) - cycle Shift-Dir - straight line, f/p - rakshasa
Aim: a rakshasa, wielding a +0 whip and wearing a +0 robe (severely wounded, 58% to hit)
You shoot a bolt. The bolt pierces through the rakshasa!
The rakshasa is almost dead.
The rakshasa misses you. The rakshasa hits you with a +0 whip!
* * * LOW HITPOINT WARNING * * *
Fire: C) +6 arbalest of Spontaneous Combustion {penet, rPois rCorr Dex-4 Stlth-}
Press: ? - help, Q - select action, (/) - cycle Shift-Dir - straight line, f/p - rakshasa
Aim: a rakshasa, wielding a +0 whip and wearing a +0 robe (almost dead, 58% to hit)
You shoot a bolt. The bolt closely misses the rakshasa.
The rakshasa hits you with a +0 whip!
* * * LOW HITPOINT WARNING * * *
Fire: C) +6 arbalest of Spontaneous Combustion {penet, rPois rCorr Dex-4 Stlth-}
Press: ? - help, Q - select action, (/) - cycle Shift-Dir - straight line, f/p - rakshasa
Aim: a rakshasa, wielding a +0 whip and wearing a +0 robe (almost dead, 58% to hit)
You shoot a bolt. The bolt closely misses the rakshasa.
The rakshasa gestures at you. The lance of force hits you!
You die...

# . .### ... ###
.##.. ##.## X
....####...### ..
#.R....## # ..#.
#.@....##. #....
#...##..#..# ..#
#.##. #......####
## .. #.
.##..#...........
.. #..# #....###
####. #
###.........# ..
.#. ...#..#.## .
#..#
#...#.####### .
#. .#....# ## .#.
.


You could see a rakshasa.

Vanquished Creatures
  2 two-headed ogres (D:9)
  A thrashing horror (Abyss:1)
  A manticore (D:11)
  A troll (D:9)
  8 yaks
  2 wargs (D:9)
  Edmund (D:5)
  3 water moccasins
  A small abomination (Abyss:1)
  3 orc warriors
  Pargi (D:3)
  4 ice beasts
  A sky beast (D:6)
  3 black bears
  2 ogres (D:5)
  A wolf (D:9)
  5 centaurs
  2 kobold brigands
  2 bullfrogs
  A gnoll sergeant (D:10)
  A scorpion (D:5)
  7 wights
  10 killer bees
  3 electric eels
  3 howler monkeys
  4 hounds
  4 jellies
  7 orc priests
  A sleepcap (D:6)
  2 iguanas (D:5)
  9 orc wizards
  A centaur simulacrum (D:9)
  10 gnolls
  7 adders
  3 white imps
  8 ufetubi
  2 worms
  3 dart slugs
  30 orcs
  4 bats
  5 endoplasms
  8 giant cockroaches
  12 goblins
  7 hobgoblins
  6 jackals (D:1)
  5 quokkas
  7 ball pythons
  5 frilled lizards
  13 kobolds
  6 rats
238 creatures vanquished.

Vanquished Creatures (collateral kills)
  3 yaks (D:8)
  A wight (D:8)
  A killer bee (D:8)
  A gnoll (D:7)
6 creatures vanquished.

Vanquished Creatures (others)
  A gnoll sergeant (D:7)
1 creature vanquished.

Grand Total: 245 creatures vanquished

Notes
Turn   | Place    | Note
-------+----------+-------------------------------------------
     0 | D:1      | Mesmaeker13 the Barachi Hexslinger began the quest for the
                  | Orb.
     0 | D:1      | Reached XP level 1. HP: 15/15 MP: 2/2
    97 | D:1      | Reached XP level 2. HP: 22/22 MP: 3/3
   160 | D:1      | Found Zimmoubu's Antique Weapon Boutique.
   314 | D:1      | Reached XP level 3. HP: 27/27 MP: 4/4
   899 | D:2      | Reached XP level 4. HP: 34/34 MP: 5/5
   984 | D:2      | Reached skill level 3 in Ranged Weapons
  1271 | D:2      | Reached XP level 5. HP: 39/41 MP: 6/6
  1590 | D:3      | Noticed Pargi
  1601 | D:3      | Killed Pargi
  1820 | D:3      | Reached XP level 6. HP: 47/47 MP: 7/7
  2147 | D:3      | Found an opulent altar of Gozag.
  2147 | D:3      | Found a stormy altar of Qazlal.
  2418 | D:3      | Reached skill level 5 in Hexes
  2932 | D:4      | Reached skill level 4 in Ranged Weapons
  3222 | D:5      | Entered Level 5 of the Dungeon
  3465 | D:5      | Found a staircase to the Ecumenical Temple.
  3481 | Temple   | Entered the Ecumenical Temple
  3571 | D:5      | Reached XP level 7. HP: 52/52 MP: 8/8
  3900 | D:5      | Reached skill level 5 in Ranged Weapons
  4014 | D:5      | HP: 1/52 [ogre/+0 giant spiked club (24)]
  4280 | D:5      | Identified the +0 robe of Haluin {Fly}
  4462 | D:3      | Learned a level 4 spell: Cause Fear
  4620 | D:5      | Reached skill level 1 in Armour
  4620 | D:5      | Reached skill level 5 in Dodging
  4620 | D:5      | Reached XP level 8. HP: 58/58 MP: 9/9
  4874 | D:6      | Reached skill level 6 in Ranged Weapons
  4936 | D:6      | Found an ancient bone altar of Kikubaaqudgha.
  4996 | D:5      | Noticed Edmund
  5047 | D:5      | Killed Edmund
  5191 | D:6      | Found a hide-covered altar of Uskayaw.
  5325 | D:6      | Got the Handbook of Cunning Cryomancy
  5738 | D:7      | Reached XP level 9. HP: 64/64 MP: 5/12
  6203 | D:8      | Found a shimmering blue altar of Sif Muna.
  6414 | D:8      | Reached skill level 5 in Armour
  6686 | D:8      | Reached skill level 7 in Ranged Weapons
  6797 | D:8      | Found a runed translucent gate.
  6799 | D:8      | Found a runed translucent gate.
  6801 | D:8      | Found a runed translucent gate.
  6801 | D:8      | Noticed hackum's ghost (novice FoFi)
  6806 | D:8      | Found a viscous altar of Jiyva.
  7575 | D:8      | Reached skill level 8 in Ranged Weapons
  7800 | D:8      | Reached skill level 5 in Spellcasting
  7883 | D:8      | Reached XP level 10. HP: 70/70 MP: 15/17
  8439 | D:8      | Identified a scroll of acquirement
  8439 | D:8      | Acquired the +6 arbalest of Spontaneous Combustion {penet,
                  | rPois rCorr Dex-4 Stlth-}
  8600 | D:9      | Found a staircase to the Orcish Mines.
  8637 | D:9      | Noticed a two-headed ogre
  8644 | D:9      | Killed a two-headed ogre
  8670 | D:9      | Reached skill level 9 in Ranged Weapons
  8700 | D:9      | Noticed a death yak
  8774 | D:9      | Noticed a two-headed ogre
  9360 | D:9      | Found an ornate altar of the Wu Jian Council.
  9429 | D:9      | Killed a two-headed ogre
  9434 | D:9      | Learned a level 3 spell: Inner Flame
  9868 | D:9      | Found a sparkling altar of Nemelex Xobeh.
  9969 | D:10     | Entered Level 10 of the Dungeon
  9989 | D:9      | Reached skill level 1 in Fire Magic
  9989 | D:9      | Reached XP level 11. HP: 17/76 MP: 21/21
 10204 | D:10     | Paralysed by a hornet for 1 turns
 10214 | D:10     | Paralysed by a hornet for 3 turns
 10992 | D:10     | Found a basalt altar of Yredelemnul.
 10992 | D:10     | Found a broken altar of Ashenzari.
 10998 | D:10     | Found a white marble altar of Elyvilon.
 11001 | D:10     | Became a worshipper of Ashenzari the Shackled
 11004 | D:10     | Found a faded altar of an unknown god.
 11006 | D:10     | Found a faded altar of an unknown god.
 11102 | D:11     | Noticed a manticore
 11115 | D:11     | Killed a manticore
 11116 | D:11     | Reached skill level 5 in Fighting
 11116 | D:11     | Reached skill level 10 in Ranged Weapons
 11184 | D:11     | Found a staircase to the Lair.
 11222 | D:11     | Noticed Sonja
 11227 | Abyss:1  | Found a corrupted altar of Lugonu.
 11227 | Abyss:1  | Cast into level 1 of the Abyss (Sonja)
 11280 | Abyss:1  | Found a corrupted altar of Lugonu.
 11292 | Abyss:1  | Found a corrupted altar of Lugonu.
 11296 | Abyss:1  | Found a corrupted altar of Lugonu.
 11296 | Abyss:1  | Noticed a thrashing horror
 11296 | Abyss:1  | Found a corrupted altar of Lugonu.
 11310 | Abyss:1  | Killed a thrashing horror
 11341 | Abyss:1  | Noticed a tentacled starspawn
 11345 | Abyss:1  | Noticed a rakshasa
 11355 | Abyss:1  | HP: 3/80 [rakshasa/+0 whip (9)]
 11356 | Abyss:1  | Killed from afar by a rakshasa

Illustrated notes

Levels and vault maps discovered:
D:1:      scummos_arrival_simple_fountains, layout_loops_ring, serial_shops,
          nicolae_diamond_shop
D:2:      layout_loops_ring, nrook_mini_vaults
D:3:      layout_loops_cross, gammafunk_temple_overflow_elements, uniq_pargi
D:4:      layout_basic, fountainhead, minmay_goblin_outpost
D:5:      layout_basic, minmay_temple_entry_offerings, uniq_edmund
D:6:      layout_cave_pools, old_standard_altar, kiku_gazebo_garden_becter
D:7:      layout_loops_ring
D:8:      layout_layer_cave, overflow_temple_1_default, gammafunk_ghost_ooze
D:9:      layout_roguey, nemelex_altar_shiori,
          nicolae_wu_jian_immortal_techniques, erik_orc_4, serial_ice,
          serial_ice_h, serial_ice_e, serial_ice_n, serial_ice_m, serial_ice_i
D:10:     layout_basic, chequers_temple_overflow_minitemple
D:11:     layout_irregular_city, lair_entry_dummy, serial_shops, shop_fountains,
          serial_ice, serial_ice_m, serial_ice_g, serial_ice_l, serial_ice_o,
          portal_ice_cave_entry_ice_simulacra, item_on_display_a, uniq_sonja
Temple:   nicolae_temple_hex_pool
Abyss:1:  base:
D:5

Skill      XL: |  1  2  3  4  5  6  7  8  9 10 11 |
---------------+----------------------------------+-----
Fighting       | 2 3 5 |  5.3
Hexes          | 4 5 6 7 |  7.4
Ranged Weapons | 3 4 5 6 8 9 10 | 10.1
Dodging        | 3 4 5 6 |  6.6
Armour         | 1 4 7 9 |  9.2
Spellcasting   | 2 5 7 |  7.0
Fire Magic     | 1 3 |  3.6

Action                     |  1- 3 |  4- 6 |  7- 9 | 10-12 || total
---------------------------+-------+-------+-------+-------++-------
  Melee: Short sword       |       |    81 |   212 |    61 ||   354
         Punch             |       |     1 |     1 |     3 ||     5
   Fire: Sling             |   138 |   109 |   143 |     7 ||   397
         Shortbow          |       |       |     2 |       ||     2
         Arbalest          |       |       |       |   254 ||   254
  Throw: Throwing net      |       |       |       |     1 ||     1
   Cast: Slow              |       |     2 |    23 |     8 ||    33
         Cause Fear        |       |       |     5 |     4 ||     9
         Inner Flame       |       |       |       |     1 ||     1
Ability: Hop               |       |     2 |    10 |     8 ||    20
  Evoke: Wand              |       |       |    11 |     4 ||    15
    Use: Scroll            |       |     5 |     3 |     3 ||    11
         Potion            |       |       |     2 |     2 ||     4
   Stab: Invisible         |       |       |       |     2 ||     2
 Armour: Robe              |     3 |       |       |       ||     3
         Leather armour    |    21 |    36 |     1 |       ||    58
         Ring mail         |       |       |    84 |    62 ||   146
         Troll leather arm |       |       |       |    30 ||    30
  Dodge: Dodged            |    52 |    73 |   156 |   157 ||   438
  Block: Other             |       |    21 |    58 |    66 ||   145
         Reflection        |       |     1 |     4 |     4 ||     9

Table legend: (Time is in decaauts)
 A = Elapsed time spent in this place.
 B = Non-inter-level travel time spent in this place.
 C = Inter-level travel time spent in this place.
 D = Time resting spent in this place.
 E = Time spent auto-exploring this place.
 F = Levels seen in this place.
 G = Mean time per level.
                   A        B        C        D        E       F      G
               +--------+--------+--------+--------+--------+-----+--------+
         Total |  12974 |  12107 |    867 |   2339 |   6718 |  13 |  998.0 |
       Dungeon |  12739 |  11872 |    867 |   2324 |   6717 |  11 | 1158.1 |
        Temple |     77 |     77 |      0 |      0 |      1 |   1 |   77.0 |
         Abyss |    157 |    157 |      0 |     15 |      0 |   1 |  157.0 |
               +--------+--------+--------+--------+--------+-----+--------+

Top non-repeatable levels by time:
     D:8: 2267 daAuts
     D:7: 1504 daAuts
     D:9: 1495 daAuts
     D:4: 1347 daAuts
     D:5: 1178 daAuts
     D:3: 1039 daAuts
    D:10: 1019 daAuts
     D:1: 980 daAuts
     D:2: 895 daAuts
     D:6: 809 daAuts
    D:11: 200 daAuts
 Abyss:1: 157 daAuts
  Temple: 77 daAuts
